 Dungeon Crawl Stone Soup version 0.17-a0-1322-g2a080e7 (webtiles) character file.

552818 SWAGNEMITE the Intangible (level 25, -2/141 HPs)
             Began as a Spriggan Enchanter on June 8, 2015.
             Was an Initiate of Gozag.
             Killed from afar by an elder shockfire beast (39 damage)
             ... with a living lightning
             ... summoned by the player character
             ... on level 5 of the Vaults on June 9, 2015.
             The game lasted 10:24:52 (101595 turns).

SWAGNEMITE the Intangible (Spriggan Enchanter)    Turns: 101595, Time: 10:24:52

Health: -2/141     AC:  9    Str:  4      XL:     25   Next: 10%
Magic:  36/36      EV: 41    Int: 27 (28) God:    Gozag
Gold:   14583      SH:  0    Dex: 23 (24) Spells: 12 memorised, 7 levels left

rFire  + . .     SeeInvis +     q - +9 quick blade (pierce)
rCold  + + .     Clarity  .     D - +2 robe {rC+ rF+}
rNeg   . . .     SustAt   .     (shield restricted)
rPois  .         Gourm    .     P - +2 hat
rElec  .         Spirit   .     r - +2 cloak
rCorr  .         Warding  .     (gloves unavailable)
rMut   .         Stasis   .     (boots unavailable)
MR     ++++.                    v - amulet of regeneration {+regen, !d}
Stlth  ++++++++++               C - ring "Uvvar" {+Blink +Fly MP-9 Dex+5}
                                g - ring of Accord {rC+ Dex+2 Slay+3}

@: constricted, very quick, incredibly resistant to hostile enchantments,
uncannily stealthy
A: unfitting armour, see invisible, deterioration 1, herbivore 3, speed 3,
screaming 1, slow metabolism 2
a: Potion Petition, Call Merchant, Bribe Branch, Renounce Religion, Evoke Blink,
Evoke Flight
}: 3/15 runes: decaying, slimy, gossamer


You were on level 5 of the Vaults.
You worshipped Gozag.
Gozag was noncommittal.
You were not hungry.

You visited 10 branches of the dungeon, and saw 55 of its levels.
You visited the Abyss 1 time.
You visited 2 bazaars.
You also visited: Labyrinth, Sewer and Volcano.

You collected 31141 gold pieces.
You spent 10803 gold pieces at shops.
You paid 5755 gold pieces to Gozag.

Inventory:

Hand weapons
 q - a +9 quick blade of piercing (weapon)
   (You acquired it on level 2 of the Elven Halls)
Armour
 r - a +2 cloak (worn)
   (You found it on level 5 of the Depths)
 D - a +2 robe of resistance (worn)
   (You took it off an orc wizard on level 3 of the Orcish Mines)
 P - a +2 hat (worn)
   (You bought it in a shop on level 4 of the Vaults)
Magical staves
 h - an uncursed staff of energy {@w1+MP, hungerless spells, !d!a}
   (You took it off a yaktaur on level 3 of the Depths)
 F - a cursed staff of energy {@w1+MP, hungerless spells, !d!a}
   (You found it on level 5 of the Vaults)
Rods
 N - a +5 rod of inaccuracy (13/13) {!a}
   (You found it on level 3 of the Spider Nest)
 Q - a +4 rod of clouds (17/17) {!a}
   (You found it in a labyrinth)
Jewellery
 a - an uncursed amulet of resist mutation {rMut, !d}
   (You found it on level 6 of the Dungeon)
 b - an uncursed amulet of resist corrosion {rCorr, !d}
   (You found it on level 3 of the Dungeon)
 e - an uncursed amulet of clarity {Clar, !d}
   (You found it on level 1 of the Elven Halls)
 g - the ring of Accord (left hand) {rC+ Dex+2 Slay+3}
   (You took it off a deep elf annihilator on level 3 of the Elven Halls)

   [ring of dexterity]

   It affects your dexterity (+2).
   It affects your accuracy and damage with ranged weapons and melee attacks
   (+3).
   It protects you from cold.
 v - an amulet of regeneration (around neck) {+regen, !d}
   (You found it on level 6 of the Pits of Slime)
 C - the ring "Uvvar" (right hand) {+Blink +Fly MP-9 Dex+5}
   (You took it off a merfolk javelineer on level 4 of the Depths)

   [ring of flight]

   It affects your dexterity (+5).
   It affects your magic capacity (-9).
   It lets you fly.
   It lets you blink.
Magical devices
 f - a wand of heal wounds (0)
   (You took it off a wizard on level 5 of the Depths)
 j - a wand of digging (7)
   (You found it on level 2 of the Dungeon)
 m - a wand of polymorph (6)
   (You found it on level 4 of the Swamp)
 H - a wand of teleportation (3)
   (You bought it in a shop on level 14 of the Dungeon)
Scrolls
 i - 2 scrolls of summoning
 n - a scroll of teleportation
 o - a scroll of fog
 y - 20 scrolls of remove curse
 B - 6 scrolls of amnesia
 J - 4 scrolls of identify
 S - 3 scrolls of enchant weapon
 W - a scroll of magic mapping {!r}
Potions
 c - 9 potions of curing
 p - 3 potions of resistance
 u - 3 potions of heal wounds
 w - 2 potions of beneficial mutation
 x - 10 potions of brilliance
 A - 2 potions of might
 R - 6 potions of agility
 U - 9 potions of magic
Miscellaneous
 k - a crystal ball of energy
   (You bought it in a shop on level 2 of the Elven Halls)
 l - a plain deck of defence {the Shaft, drawn: 1}
   (You found it on level 3 of the Elven Halls)
 s - a plain deck of destruction {the Orb}
   (You found it on level 6 of the Pits of Slime)
 t - a phial of floods
   (You found it on level 8 of the Lair of Beasts)
 z - a phantom mirror
 E - a plain deck of escape {the Cloud}
   (You found it on level 6 of the Pits of Slime)
 I - a sack of spiders {used: 3}
   (You found it on level 1 of the Abyss)
 K - a lamp of fire (inert)
   (You bought it in a shop on level 14 of the Dungeon)
 L - a stone of tremors
   (You found it on level 2 of the Spider Nest)
 M - an ornate deck of defence {the Shaft}
   (You found it on level 4 of the Lair of Beasts)
 O - a fan of gales
   (You bought it in a shop on level 13 of the Dungeon)
 T - a box of beasts {used: 1}
   (You found it on level 4 of the Depths)
 V - a lantern of shadows
   (You bought it in a shop on level 2 of the Elven Halls)
 X - a plain deck of defence {the Tomb}
   (You found it on level 4 of the Spider Nest)
Comestibles
 d - 16 bread rations {@e1}
 Y - a royal jelly
 Z - a slice of pizza


   Skills:
 * Level 17.5 Fighting
 - Level 10.0 Short Blades
 O Level 27 Dodging
 - Level 25.1 Stealth
 - Level 17.8 Spellcasting
 - Level 20.2 Hexes
 - Level 13.0 Charms
 - Level 5.1 Air Magic
 * Level 20.4 Evocations


You had 7 spell levels left.
You knew the following spells:

 Your Spells              Type           Power        Failure   Level  Hunger
a - Ensorcelled Hibernat  Hex/Ice        ######       1%          2    None
b - Tukima's Dance        Hex            #######.     0%          3    None
c - Confuse               Hex            #######.     0%          3    None
d - Discord               Hex            #######...   3%          8    ######.
e - Cause Fear            Hex            #######...   0%          4    None
f - Silence               Hex/Air        #######...   1%          5    None
g - Deflect Missiles      Chrm/Air       ######....   10%         6    ###....
h - Invisibility          Hex            #######.     1%          6    ###....
i - Haste                 Chrm           #######.     1%          6    ###....
r - Regeneration          Chrm/Necr      ######....   1%          3    None
s - Slow                  Hex            #######.     0%          2    None
C - Control Teleport      Chrm/Tloc      ######....   1%          4    None


Dungeon Overview and Level Annotations

Branches:
Dungeon (15/15)            Temple (1/1) D:5            Lair (8/8) D:10
  Swamp (4/4) Lair:6       Spider (4/4) Lair:6        Slime (6/6) Lair:8
    Orc (4/4) D:9             Elf (3/3) Orc:3        Vaults (5/5) D:13
  Crypt (0/3) Vaults:2     Depths (5/5) D:15            Zot (0/5) Depths:5

Altars:
Ashenzari
Cheibriados
Dithmenos
Elyvilon
Fedhas
Gozag
Kikubaaqudgha
Makhleb
Nemelex Xobeh
Okawaru
Qazlal
Ru
Sif Muna
Trog
Vehumet
Xom
Yredelemnul
Zin
The Shining One
Beogh
Jiyva

Shops:
D:10 :   D:13 }   D:14 }   Orc:3 (:[   Orc:4 ![!?   Elf:1 [   Elf:2 *=([
Vaults:2 (   Vaults:3 !   Vaults:4 [   Depths:1 !   Depths:3 %   Depths:5 %

Portals:
Hell: D:15 Depths:1 Depths:2 Depths:3 Depths:4 Depths:5
Abyss: Depths:1 Depths:4 Depths:5
Pandemonium: Depths:1 Depths:3 Depths:4
Ziggurat: Depths:2

Annotations:
Slime:4 exclusions: shining eye and slime creature


Innate Abilities, Weirdness & Mutations

You are tiny and cannot use many weapons and most armour.
You have supernaturally acute eyesight.
You are a herbivore.
You cover ground extremely quickly.
You need consume almost no food.
Your body sometimes deteriorates upon taking damage.
You occasionally shout uncontrollably at your foes.


Message History

Your fire elemental hits the shadow dragon.
Your fire elemental burns the shadow dragon!
The yaktaur captain is engulfed in roaring flames.
The ironheart preserver is engulfed in roaring flames.
The ironheart preserver hits your fire elemental with a dire flail!
The tentacled monstrosity is engulfed in roaring flames.
The shadow dragon is engulfed in roaring flames.
You take 25 damage, and have 116/141 hp.
Unknown command.
You puncture the elder shockfire beast!
The elder shockfire beast is engulfed in roaring flames.
The elder shockfire beast breathes flames at you.
The blast of flame misses you.
Your fire elemental barely misses the shadow dragon.
You puncture the elder shockfire beast!
The yaktaur captain is engulfed in roaring flames.
The yaktaur captain hits your fire elemental!!
The ironheart preserver is engulfed in roaring flames.
You kill the ironheart preserver!
The tentacled monstrosity is engulfed in roaring flames.
You hit the elder shockfire beast.
The shadow dragon is engulfed in roaring flames.
A storm dragon comes into view.
You puncture the elder shockfire beast!
Your fire elemental barely misses the shadow dragon.
The elder shockfire beast is engulfed in roaring flames.
The elder shockfire beast completely misses you.
You puncture the elder shockfire beast!
The yaktaur captain wields an arbalest of flaming.
It bursts into flame!
The yaktaur captain shoots a bolt.
The bolt misses your fire elemental.
The bolt hits the shadow dragon!!!
The bolt burns the shadow dragon!
Unknown command.
You hit the elder shockfire beast.
The tentacled monstrosity is engulfed in roaring flames.
Your fire elemental hits the shadow dragon.
Your fire elemental burns the shadow dragon!
The shadow dragon bites your fire elemental!
Your fire elemental is destroyed!
The storm dragon is engulfed in roaring flames.
The storm dragon breathes lightning at you.
The bolt of lightning hits your fire elemental.
Your fire elemental resists.
Your fire elemental is destroyed!
The bolt of lightning hits the elder shockfire beast.
The elder shockfire beast resists.
The bolt of lightning misses you.
You hit the tentacled monstrosity.
The elder shockfire beast is engulfed in roaring flames.
You puncture the tentacled monstrosity! You hit the tentacled monstrosity.
The storm dragon is engulfed in roaring flames.
The tentacled monstrosity is engulfed in roaring flames.
The tentacled monstrosity closely misses you.
The tentacled monstrosity tentacle-slaps you. x2
The tentacled monstrosity grabs you.
The tentacled monstrosity constricts you!
The shadow dragon is engulfed in roaring flames.
You take 13 damage, and have 104/141 hp.
Your attempt to break free from the tentacled monstrosity fails, but you feel that another attempt might succeed.
The elder shockfire beast is engulfed in roaring flames.
The elder shockfire beast gives a hideous shriek!
The elder shockfire beast breathes flames at you.
The blast of flame hits you! You resist.
The storm dragon is engulfed in roaring flames.
The tentacled monstrosity is engulfed in roaring flames.
The tentacled monstrosity completely misses you.
The tentacled monstrosity misses you.
The tentacled monstrosity tentacle-slaps you!
The tentacled monstrosity constricts you!
A vault warden comes into view. It is wielding a war axe.
The vault warden shouts!
You hear a shout!
You hear a shout!
You hear a shout!
You take 57 damage, and have 47/141 hp.
MASSIVE DAMAGE!!
MP restored: 36 Your attempt to break free from the tentacled monstrosity fails, but you feel that another attempt might succeed.
The yaktaur captain is engulfed in roaring flames.
The elder shockfire beast is engulfed in roaring flames.
The elder shockfire beast bursts into living lightning!
The living lightning misses you.
The elder shockfire beast blinks!
The storm dragon is engulfed in roaring flames.
The storm dragon breathes lightning at you.
The bolt of lightning misses you.
The tentacled monstrosity is engulfed in roaring flames.
The tentacled monstrosity completely misses you. x2
The tentacled monstrosity tentacle-slaps you.
* * * LOW HITPOINT WARNING * * *
x2 The tentacled monstrosity constricts you.
The shadow dragon is engulfed in roaring flames.
You kill the shadow dragon!
You take 11 damage, and have 36/141 hp.
Unknown command.
Read which item? (? for menu, Esc to quit)
Really read
G - a scroll of holy word {!r}?
As you read the scroll of holy word {!r}, it crumbles to dust.
You speak a Word of immense power!
The tentacled monstrosity convulses!
The yaktaur captain is engulfed in roaring flames.
The elder shockfire beast bursts into living lightning!
The living lightning hits you!
You die...
Your body crumbles into a pile of gold.

,,,,,,,,,,,*,*,#..#
**********,*,*,#..#
,,,,$,,$,*,*,*,#..#
,,,$,,,$,*,*,*,#H.#
,,,,$$$,$*,*,*,#..#
,,,,,,,,,*,*,*,#..#
,,,,,,,,,*,*,*,#..#
,,,,,,,,,*,*,*,#..#
,,,,,,,,,*,*,*,#@.#
,,,,,,,,,*,*,*,#§X#
,,,,,,,,,,,*,*,#§.#
********,,,*,*,#§§#
,,,,,,,,,,,*,*,#Dc#
************,*,#§.#
,,,,,,,,,,,,,,,#p.#
************,,,#.§#
,,,,,,,,,,,,,,,.§.#


You could see a tentacled monstrosity (dazed), a storm dragon, a vault warden,
an elder shockfire beast and a yaktaur captain.

Vanquished Creatures
  Mara (Depths:3)
  2 golden dragons
  2 liches (Depths:4)
  Rupert (D:14)
  3 titans
  A deep elf master archer (Elf:3)
  3 deep elf blademasters
  A quicksilver dragon (Vaults:5)
  17 acid blobs
  3 sphinxes
  2 octopode crushers
  A draconian monk (Depths:5)
  Kirke (Swamp:4)
  5 shadow dragons
  3 tengu reavers
  2 storm dragons
  Roxanne (D:14)
  Wiglaf (Vaults:2)
  6 azure jellies
  9 fire giants
  6 vault wardens
  10 frost giants
  Donald (Vaults:2)
  Maud (Lair:4)
  3 ghost moths (Spider:4)
  An iron dragon (Depths:4)
  5 deep elf sorcerers (Elf:3)
  Aizul (Swamp:4)
  A draconian scorcher (Depths:5)
  A cacodemon (Depths:3)
  A draconian zealot (Depths:5)
  7 emperor scorpions
  2 orc warlords
  A reaper (Depths:1)
  6 spriggan defenders
  18 very ugly things
  The ghost of Psiweapon the Sharpshooter, a powerful KoHu of Okawaru (Orc:4)
  17 stone giants
  12 ironheart preservers
  A war gargoyle (Vaults:5)
  2 vampire knights
  A green draconian (Depths:5)
  A white draconian (Depths:5)
  Azrael (D:13)
  5 deep elf demonologists
  6 deep elf annihilators
  A yellow draconian (Depths:5)
  2 purple draconians (Depths:5)
  7 ettins
  Snorg (D:14)
  3 death oozes
  3 deep elf death magi
  A green death (Depths:4)
  A merfolk javelineer (Depths:4)
  A minotaur (Lab)
  Josephine (D:9)
  17 yaktaur captains
  4 crystal guardians (Elf:3)
  An entropy weaver (shapeshifter) (Vaults:5)
  33 hydras
  4 vault guards
  Fannar (Lair:3)
  5 entropy weavers
  19 great orbs of eyes
  Harold (Lair:3)
  8 fire dragons
  4 deep elf high priests (Elf:3)
  A rakshasa (Vaults:2)
  A spectral fire giant (Depths:1)
  11 ice dragons
  2 ghost crabs
  2 catoblepae
  4 spriggan air magi (Depths:3)
  Erolcha (D:11)
  3 tengu warriors
  14 dancing weapons
  17 deep troll earth magi
  7 alligators
  7 centaur warriors
  12 deep troll shamans
  2 salamander stormcallers
  10 ogre magi
  An orc high priest (Elf:3)
  6 death yaks
  3 spriggan berserkers (Depths:3)
  Urug (Abyss:1)
  2 vampire magi (Depths:1)
  A shock serpent (shapeshifter) (Vaults:4)
  A soul eater (Vaults:2)
  A fire crab (Vaults:2)
  11 deep elf knights
  Nergalle (Lair:4)
  A shadow wraith (Vaults:3)
  7 iron trolls
  3 skeletal warriors (Vaults:2)
  2 ice devils (Depths:2)
  4 giant orange brains
  10 swamp dragons
  The ghost of SWAGNEMITE the Fighter, an experienced GrFi of Okawaru (D:8)
  A shadow demon (Depths:2)
  8 unseen horrors
  3 wizards
  2 spriggan druids
  4 salamander mystics (Depths:3)
  2 shambling mangroves
  8 hill giants
  10 deep elf summoners
  3 flayed ghosts
  11 ironbrand convokers
  3 necromancers
  3 tengu zombies (Depths:1)
  52 deep trolls
  An obsidian statue (Depths:2)
  A hill giant (shapeshifter) (Vaults:1)
  8 harpies (Vaults:4)
  An unseen horror (shapeshifter) (D:15)
  A sphinx zombie (Depths:1)
  A torturous demonspawn (Depths:3)
  20 deep elf conjurers
  12 orc knights
  A cyclops (shapeshifter) (Vaults:4)
  25 wolf spiders
  14 orb spiders
  The ghost of aves the Cleaver, an experienced VSFi of Qazlal (D:7)
  2 phantasmal warriors (Vaults:5)
  7 griffons
  A fire giant zombie (Depths:4)
  A lindwurm (Volcano)
  7 hornets
  81 ugly things
  13 cyclopes
  5 manticores
  A sixfirhy (Depths:4)
  A hornet (shapeshifter) (Depths:2)
  6 shining eyes
  10 salamanders (Depths:3)
  6 orc sorcerers
  7 black mambas
  Maurice (D:10)
  11 elephants
  A black mamba (shapeshifter) (Vaults:1)
  2 guardian serpents (shapeshifter)
  2 molten gargoyles (Volcano)
  An octopode (shapeshifter) (Depths:4)
  12 vault sentinels
  5 eyes of devastation
  2 rust devils
  An elf zombie (Depths:4)
  A titan simulacrum (Depths:4)
  A frost giant skeleton (Vaults:3)
  2 gargoyles (Volcano)
  An eye of devastation (shapeshifter) (Depths:3)
  A torpor snail (Spider:2)
  10 demonic crawlers
  2 orange demons (Depths:2)
  An efreet (D:15)
  19 spiny frogs
  7 deep elf priests
  9 komodo dragons
  A hellwing (Depths:3)
  4 kobold demonologists
  4 fire drakes (Lair:8)
  36 yaktaurs
  A queen bee (shapeshifter) (Vaults:3)
  13 trolls
  5 freezing wraiths
  4 tengu conjurers
  2 red devils
  A queen bee (D:13)
  18 jumping spiders
  4 polar bears
  A polar bear (shapeshifter) (Depths:3)
  2 blue devils
  A raiju (Abyss:1)
  6 bog bodies
  A two-headed ogre (shapeshifter) (Depths:1)
  7 boulder beetles
  2 jumping spiders (shapeshifter)
  24 ravens
  A raiju (shapeshifter) (D:13)
  A fire vortex (Vaults:4)
  14 blink frogs
  A raven (shapeshifter) (Elf:2)
  4 giant leeches
  2 ettin zombies (Depths:1)
  11 two-headed ogres
  A deep troll zombie (Depths:1)
  4 small abominations
  25 trapdoor spiders
  2 shadows
  A stone giant simulacrum (Vaults:3)
  17 tarantellas
  148 slime creatures
  4 wandering mushrooms (D:8)
  Sigmund (D:6)
  4 air elementals (Depths:3)
  66 yaks
  17 deep elf magi
  8 water elementals
  6 wyverns
  A flying skull (Vaults:2)
  3 spriggans
  2 ynoxinuls (Depths:3)
  49 redbacks
  24 deep elf fighters
  A frost giant simulacrum (Depths:4)
  3 vampires
  7 fire elementals (D:13)
  Eustachio (D:4)
  A tarantella (shapeshifter) (Vaults:1)
  8 fire bats (Depths:3)
  12 golden eyes
  6 basilisks
  2 hogs (Swamp:4)
  3 hungry ghosts
  3 wargs
  15 hippogriffs
  2 wraiths (D:9)
  A yak (shapeshifter) (Vaults:2)
  19 wolves
  A wolf (shapeshifter) (Depths:5)
  15 insubstantial wisps
  3 chaos spawn (Depths:1)
  2 mottled dragons
  29 vampire mosquitoes
  15 water moccasins
  2 sky beasts
  9 large abominations
  3 soldier ants
  A black bear (Lair:2)
  10 porcupines
  13 swamp worms
  Duvessa (D:4)
  5 phantoms
  23 orc warriors
  Purgy (Sewer)
  21 swamp drakes
  25 spiders
  A hell hound (D:13)
  2 ice beasts
  30 ogres
  A human zombie (Vaults:3)
  3 wasps
  14 crocodiles
  5 eyes of draining
  11 boggarts
  16 centaurs
  4 brain worms (D:14)
  5 big kobolds
  A salamander simulacrum (Vaults:2)
  26 giant frogs
  A deep troll simulacrum (Vaults:3)
  Dowan (D:4)
  A wyvern zombie (D:14)
  4 wights
  4 scorpions
  3 wyvern skeletons
  A water moccasin skeleton (D:10)
  An oklob sapling (D:8)
  34 killer bees
  3 centaur zombies
  12 crimson imps
  35 jellies
  4 centaur skeletons
  5 electric eels
  7 quasits
  4 giant frog skeletons
  4 iron imps
  5 hounds
  12 orc priests
  38 orc wizards
  An iguana (shapeshifter) (Depths:3)
  15 iguanas
  9 worker ants
  33 sheep
  3 killer bee zombies
  A worker ant zombie (D:9)
  41 river rats
  13 adders
  9 shadow imps
  A white imp (Depths:2)
  2 ufetubi
  2 oozes (D:3)
  An adder skeleton (D:6)
  3 worms
  3 giant geckos
  126 orcs
  7 ball pythons
  A bat skeleton (D:3)
  2 giant cockroaches
  24 hobgoblins
  5 quokkas
  18 bats
  5 giant newts
  A giant spore (D:8)
  28 goblins
  21 jackals
  30 kobolds
  21 rats
  A fungus (Lair:8)
  3 plants
2426 creatures vanquished.

Vanquished Creatures (collateral kills)
  the royal jelly (Slime:6)
  A golden dragon (Depths:3)
  A tentacled monstrosity (Depths:5)
  A lich (D:15)
  An acid blob (Slime:6)
  A quicksilver dragon (Depths:4)
  An ancient champion (Vaults:2)
  A thorn hunter (Swamp:4)
  Frances (Vaults:2)
  A tengu reaver (Depths:3)
  4 fire giants
  2 azure jellies
  3 frost giants
  A deep elf sorcerer (Elf:3)
  Louise (Vaults:2)
  A vault warden (Vaults:4)
  6 ironheart preservers
  4 deep elf demonologists
  5 stone giants
  9 deep elf annihilators
  A yellow draconian (Depths:5)
  A deep elf death mage (Vaults:2)
  3 ettins
  A deep elf high priest (Elf:3)
  A great orb of eyes (Depths:3)
  23 vault guards
  2 death oozes (Slime:6)
  A spectral tengu (D:15)
  2 salamander stormcallers
  4 dancing weapons (Elf:2)
  An alligator (Swamp:4)
  A deep troll shaman (Depths:3)
  4 tengu warriors
  3 soul eaters
  4 orc high priests
  A spriggan berserker (Depths:4)
  3 deep troll earth magi
  7 deep elf knights
  2 iron trolls (Depths:1)
  3 skeletal warriors
  2 shadow wraiths
  A deep troll (Vaults:5)
  3 deep elf summoners
  A salamander mystic (Depths:3)
  A hell knight (Vaults:2)
  6 deep elf conjurers
  2 orb spiders
  5 ironbrand convokers
  A harpy (Vaults:4)
  A manticore (D:13)
  An ugly thing (Vaults:4)
  4 salamanders
  A cyclops (Depths:2)
  12 orc knights
  4 orc sorcerers
  5 vault sentinels
  4 yaktaurs
  A tengu conjurer (Depths:1)
  A fire vortex (Vaults:3)
  A two-headed ogre (Vaults:1)
  A raven (D:15)
  2 slime creatures
  A tarantella (Spider:4)
  A spriggan (Swamp:2)
  3 water elementals
  10 deep elf fighters
  A vampire mosquito (Vaults:3)
  A wyvern (D:14)
  7 deep elf magi
  A wraith (D:10)
  A yak (D:10)
  A swamp worm (Swamp:2)
  A water moccasin (D:15)
  A black bear (D:13)
  4 ogres
  20 orc warriors
  A small abomination (Depths:1)
  A wasp (Swamp:2)
  10 wights
  A jelly (Slime:2)
  11 orc priests
  3 iron imps (Depths:2)
  3 orc wizards
  25 orcs
  A hobgoblin (Orc:4)
  3 kobolds (D:8)
286 creatures vanquished.

Vanquished Creatures (others)
  A storm dragon (Depths:5)
  A vault warden (Vaults:5)
  A deep elf high priest (Elf:3)
  A vault guard (Vaults:5)
  A death ooze (Slime:6)
  A fire dragon (Depths:4)
  36 dancing weapons
  2 orc knights
  A deep troll earth mage (Depths:5)
  An orc high priest (Orc:4)
  A deep elf knight (Elf:2)
  An elephant (Lair:5)
  A demonic crawler (Spider:3)
  A water elemental (Depths:4)
  A redback (Spider:3)
  3 deep elf magi (Elf:2)
  A wraith (D:10)
  5 deep elf fighters
  A basilisk (Lair:8)
  A human (Swamp:4)
  2 ogres
  2 orc wizards (Orc:4)
  4 orcs
  A bush (Lair:8)
  12 fungi
  14 plants
  6 starspawn tentacles (Abyss:1)
  80 starspawn tentacle segments (Abyss:1)
183 creatures vanquished.

Grand Total: 2895 creatures vanquished

Notes
Turn   | Place    | Note
--------------------------------------------------------------
     0 | D:1      | SWAGNEMITE the Spriggan Enchanter began the quest for the Orb.
     0 | D:1      | Reached XP level 1. HP: 9/9 MP: 5/5
     1 | D:1      | Noticed an electric eel
   293 | D:1      | Reached skill level 4 in Hexes
   314 | D:1      | Reached XP level 2. HP: 10/13 MP: 6/6
  1109 | D:1      | Reached XP level 3. HP: 9/16 MP: 8/8
  1114 | D:1      | Learned a level 3 spell: Confuse
  1117 | D:1      | Learned a level 2 spell: Ensorcelled Hibernation
  1288 | D:2      | Reached skill level 5 in Stealth
  1294 | D:2      | Reached skill level 3 in Spellcasting
  1418 | D:2      | Reached skill level 2 in Short Blades
  1877 | D:3      | HP: 1/16 [orc priest/divine providence (11)]
  1884 | D:2      | SWAGNEMITE: Something smites you! Ouch! That really hurt!
  1884 | D:2      | SWAGNEMITE: эта фраза в кошмарах сниться будет
  2282 | D:3      | Found a shattered altar of Ashenzari.
  2326 | D:3      | Reached XP level 4. HP: 21/21 MP: 9/9
  2379 | D:3      | Reached skill level 1 in Evocations
  2561 | D:3      | Found a radiant altar of Vehumet.
  2729 | D:3      | Reached XP level 5. HP: 24/24 MP: 9/11
  2840 | D:3      | Reached skill level 6 in Stealth
  2987 | D:4      | Noticed Dowan
  2993 | D:4      | Learned a level 3 spell: Tukima's Dance
  2994 | D:4      | Noticed Duvessa
  3048 | D:4      | Killed Duvessa
  3048 | D:4      | Reached skill level 4 in Dodging
  3048 | D:4      | Reached skill level 5 in Hexes
  3052 | D:4      | Killed Dowan
  3052 | D:4      | Reached XP level 6. HP: 9/28 MP: 9/12
  3080 | D:4      | Reached skill level 2 in Evocations
  3096 | D:4      | Reached skill level 3 in Short Blades
  3386 | D:4      | Noticed an ogre
  3402 | D:4      | Garuda: мне твоя мамка в кошмарах сниться
  3405 | D:4      | Garuda: хИХИХИХИИХ
  3406 | D:4      | Reached skill level 7 in Stealth
  3407 | D:4      | Garuda: МЕМЫ
  3429 | D:4      | Garuda: МЕМЫ У НА ПРОБЛЕМЫ
  3436 | D:4      | Garuda: ПРИШЕЛ ШУТНИК
  3505 | D:4      | Killed an ogre
  3505 | D:4      | Reached skill level 4 in Spellcasting
  3873 | D:4      | Reached XP level 7. HP: 32/32 MP: 14/14
  3882 | D:4      | Noticed Eustachio
  3909 | D:4      | Killed Eustachio
  3909 | D:4      | Reached skill level 4 in Short Blades
  3909 | D:4      | Reached skill level 6 in Hexes
  4093 | D:4      | Reached skill level 8 in Stealth
  4222 | D:4      | Learned a level 3 spell: Dazzling Spray
  4769 | D:5      | Entered Level 5 of the Dungeon
  4894 | D:5      | Reached skill level 5 in Dodging
  4902 | D:5      | Reached skill level 3 in Evocations
  4936 | D:5      | Reached XP level 8. HP: 28/36 MP: 2/15
  5055 | D:5      | Found a staircase to the Ecumenical Temple.
  5064 | Temple   | Entered the Ecumenical Temple
  5124 | Temple   | Became a worshipper of Gozag Ym Sagoz the Greedy
  5396 | D:5      | Reached skill level 5 in Short Blades
  5844 | D:6      | Reached skill level 7 in Hexes
  5873 | D:6      | Reached skill level 9 in Stealth
  5899 | D:6      | Found a glowing drain.
  5997 | Sewer    | Entered a sewer
  6016 | Sewer    | Noticed Purgy
  6018 | Sewer    | Killed Purgy
  6019 | Sewer    | SWAGNEMITE: Purgy falls into the water! Purgy drowns.
  6019 | Sewer    | SWAGNEMITE: kek
  6296 | D:6      | Reached skill level 5 in Spellcasting
  6474 | D:6      | Reached skill level 4 in Evocations
  6500 | D:6      | Reached skill level 6 in Short Blades
  6817 | D:6      | Noticed Sigmund
  7031 | D:6      | Killed Sigmund
  7031 | D:6      | Reached skill level 6 in Dodging
  7031 | D:6      | Reached XP level 9. HP: 39/39 MP: 16/18
  7132 | D:7      | Reached skill level 10 in Stealth
  7184 | D:7      | Noticed aves's ghost (experienced VSFi)
  7197 | D:7      | Killed aves's ghost
  7197 | D:7      | Reached skill level 8 in Hexes
  7521 | D:7      | Reached skill level 7 in Short Blades
  7521 | D:7      | Reached skill level 5 in Evocations
  7769 | D:7      | Found a sacrificial altar of Ru.
  8181 | D:8      | Found an iron altar of Okawaru.
  8244 | D:8      | Noticed SWAGNEMITE's ghost (experienced GrFi)
  8273 | D:8      | Killed SWAGNEMITE's ghost
  8273 | D:8      | Reached skill level 7 in Dodging
  8273 | D:8      | Reached skill level 11 in Stealth
  8273 | D:8      | Reached skill level 6 in Spellcasting
  8355 | D:8      | Reached skill level 9 in Hexes
  8513 | D:8      | Found a blossoming altar of Fedhas.
  8531 | D:8      | Reached XP level 10. HP: 44/44 MP: 12/20
  8584 | D:8      | SWAGNEMITE: lol
  8791 | D:8      | SWAGNEMITE: пережил такое дерьмо
  9306 | D:8      | Reached skill level 8 in Short Blades
  9815 | D:9      | Found a staircase to the Orcish Mines.
  9815 | D:9      | Noticed a hill giant
  9817 | D:9      | Reached skill level 6 in Evocations
  9826 | D:9      | Killed a hill giant
  9942 | D:9      | Reached skill level 12 in Stealth
 10001 | D:9      | Found an ancient bone altar of Kikubaaqudgha.
 10172 | D:9      | Reached skill level 10 in Hexes
 10179 | D:9      | Reached skill level 7 in Spellcasting
 10202 | D:9      | Reached skill level 8 in Dodging
 10812 | D:10     | Entered Level 10 of the Dungeon
 10812 | D:10     | Found a staircase to the Lair.
 10812 | D:10     | Noticed an elephant
 10812 | D:10     | Noticed Maurice
 10888 | D:10     | Found Nais's Book Boutique.
 10888 | D:10     | Noticed an unseen horror
 10898 | D:10     | Noticed Josephine
 10933 | D:9      | Killed Josephine
 10933 | D:9      | Reached skill level 9 in Short Blades
 10944 | D:9      | Reached XP level 11. HP: 25/47 MP: 11/22
 11337 | D:10     | SWAGNEMITE: o/
 11341 | D:10     | Reached skill level 7 in Evocations
 11382 | D:10     | Reached skill level 13 in Stealth
 11413 | D:10     | Killed Maurice
 11483 | D:10     | HP: 9/47 [wyvern (16)]
 11898 | D:10     | Learned a level 6 spell: Mass Confusion
 11904 | D:10     | Learned a level 5 spell: Silence
 11971 | D:10     | flt: mind if i watch a bit?
 11972 | D:10     | SWAGNEMITE: stupid question LOL
 11972 | D:10     | flt: there are no stupid questions
 11972 | D:10     | SWAGNEMITE: true
 11981 | D:10     | Killed an unseen horror
 11990 | D:10     | Garuda: пиздец
 11994 | D:10     | Garuda: смотрю как баба тосс
 11994 | D:10     | Garuda: ебашит корейцев
 11994 | D:10     | Garuda: и говорит о месячных
 11994 | D:10     | SWAGNEMITE: ahahahah
 11994 | D:10     | SWAGNEMITE: pizdec.
 11994 | D:10     | SWAGNEMITE: лел
 11994 | D:10     | SWAGNEMITE: чет пригорает
 11994 | D:10     | SWAGNEMITE: http://www.currencies.co.uk/wp-content/uploads/2011/03/Risk-Decision.jpg
 11994 | D:10     | Bought a manual of Dodging for 1435 gold pieces
 12013 | D:10     | Killed an elephant
 12144 | D:10     | Reached skill level 9 in Dodging
 12258 | D:10     | Found a shattered altar of Ashenzari.
 12296 | D:10     | Noticed Urug
 12372 | D:10     | Banished Urug
 12372 | D:10     | Reached skill level 11 in Hexes
 12372 | D:10     | Reached skill level 1 in Air Magic
 12502 | Lair:1   | Entered Level 1 of the Lair of Beasts
 12999 | D:11     | Noticed a four-headed hydra
 13013 | D:11     | Killed a four-headed hydra
 13013 | D:11     | Reached skill level 10 in Short Blades
 13346 | D:11     | Noticed Erolcha
 13353 | D:11     | Killed Erolcha
 13353 | D:11     | Reached skill level 10 in Dodging
 13353 | D:11     | Reached skill level 14 in Stealth
 13412 | D:11     | Reached skill level 2 in Air Magic
 13559 | D:11     | Reached skill level 1 in Fighting
 13586 | D:11     | Noticed a hill giant
 13589 | D:11     | Killed a hill giant
 13589 | D:11     | Reached skill level 8 in Evocations
 13893 | D:12     | Found a labyrinth entrance.
 13899 | D:12     | Reached skill level 11 in Dodging
 13905 | Lab      | Entered a labyrinth
 14126 | Lab      | Noticed a minotaur
 14139 | Lab      | Killed a minotaur
 14139 | Lab      | Reached XP level 12. HP: 53/53 MP: 15/24
 14149 | Lab      | Identified a -1 rod of clouds (11/11) (You found it in a labyrinth)
 14372 | D:12     | Reached skill level 8 in Spellcasting
 15042 | Lair:1   | Reached skill level 12 in Hexes
 15083 | Lair:1   | Reached skill level 12 in Dodging
 15083 | Lair:1   | Reached skill level 15 in Stealth
 15114 | Lair:1   | Reached skill level 2 in Fighting
 15435 | Lair:1   | Garuda: ты спать когда?
 15437 | Lair:1   | SWAGNEMITE: хз
 15611 | Lair:1   | Garuda: скоро или не скоро ответь мне
 15612 | Lair:1   | Garuda: умоляю
 15612 | Lair:1   | SWAGNEMITE: не скоро
 15626 | Lair:1   | Reached skill level 13 in Dodging
 16256 | Lair:1   | Reached skill level 3 in Air Magic
 16356 | Lair:1   | Noticed an eight-headed hydra
 16374 | Lair:1   | Killed an eight-headed hydra
 16388 | Lair:1   | Learned a level 6 spell: Deflect Missiles
 16582 | Lair:2   | Reached skill level 9 in Evocations
 16666 | Lair:2   | Reached skill level 1 in Charms
 16752 | Lair:2   | Reached skill level 2 in Charms
 17176 | Lair:2   | Reached skill level 3 in Fighting
 17176 | Lair:2   | Reached skill level 14 in Dodging
 17636 | Lair:3   | Noticed Harold
 17640 | Lair:3   | Killed Harold
 17640 | Lair:3   | Reached XP level 13. HP: 60/60 MP: 17/26
 17848 | Lair:3   | Reached skill level 3 in Charms
 18198 | Lair:3   | Noticed Fannar
 18683 | Lair:3   | Reached skill level 16 in Stealth
 18732 | Lair:3   | Killed Fannar
 18732 | Lair:3   | Reached skill level 4 in Charms
 19016 | Lair:3   | Reached skill level 9 in Spellcasting
 19340 | Lair:4   | Noticed Nergalle
 19411 | Lair:4   | Garuda: zadrot
 19411 | Lair:4   | Killed Nergalle
 19434 | Lair:4   | SWAGNEMITE: https://youtu.be/hO6zD7yiMd8
 19447 | Lair:4   | Learned a level 4 spell: Cause Fear
 19657 | Lair:4   | Noticed Maud
 19660 | Lair:4   | Killed Maud
 19660 | Lair:4   | Reached skill level 15 in Dodging
 19660 | Lair:4   | Reached skill level 5 in Charms
 19757 | Lair:4   | Reached skill level 4 in Air Magic
 19774 | Lair:4   | Reached skill level 4 in Fighting
 19805 | Lair:4   | SWAGNEMITE: a-click v deystvii
 20284 | Lair:4   | Garuda: бамбито
 20284 | Lair:4   | Garuda: пуканито
 20284 | Lair:4   | Garuda: кошка
 20284 | Lair:4   | Garuda: в глазах гавношка
 20379 | Lair:5   | SWAGNEMITE: вспомнил акк?
 20379 | Lair:5   | ShansongY: да
 20381 | Lair:5   | ShansongY: мак за меня это сдела
 20383 | Lair:5   | ShansongY: хаха
 21796 | Lair:5   | SWAGNEMITE: смотрю как демонспавн чаос кнайт игру проходит
 21796 | Lair:5   | SWAGNEMITE: матерь б-жья
 21979 | Lair:6   | Found a staircase to the Swamp.
 22032 | Lair:6   | Reached skill level 6 in Charms
 22135 | Lair:6   | Reached skill level 5 in Fighting
 22694 | Lair:6   | Found a hole to the Spider Nest.
 23068 | Lair:7   | Identified a scroll of acquirement
 23087 | Lair:7   | Found a dark tunnel.
 23099 | Volcano  | Entered a volcano
 23569 | Lair:7   | Reached XP level 14. HP: 68/68 MP: 28/28
 24519 | Lair:4   | Reached skill level 10 in Evocations
 24548 | Lair:3   | Reached skill level 13 in Hexes
 24693 | Orc:1    | Entered Level 1 of the Orcish Mines
 24808 | Orc:1    | Reached skill level 7 in Charms
 24815 | Orc:1    | Reached skill level 16 in Dodging
 24832 | Orc:1    | Reached skill level 17 in Stealth
 25537 | Orc:1    | Found a roughly hewn altar of Beogh.
 26142 | Orc:2    | Upgraded the game from 0.17-a0-1310-gaf4f4d6 to 0.17-a0-1322-g2a080e7
 26418 | Orc:3    | Found a staircase to the Elven Halls.
 26470 | Orc:3    | Found a roughly hewn altar of Beogh.
 26861 | Orc:3    | Found Maetakh's Antique Armour Emporium.
 26895 | Orc:3    | Found Hogag's Book Emporium.
 26905 | Orc:3    | Bought a book of Party Tricks for 650 gold pieces
 26912 | Orc:3    | Learned a level 6 spell: Invisibility
 26918 | Orc:3    | Found Caloa's Weapon Shoppe.
 27164 | Orc:4    | Entered Level 4 of the Orcish Mines
 27206 | Orc:4    | Noticed Psiweapon's ghost (powerful KoHu)
 27225 | Orc:4    | Killed Psiweapon's ghost
 27226 | Orc:4    | Found a flickering gateway to a bazaar.
 27276 | Bazaar   | Entered a bazaar
 27278 | Bazaar   | Found Lequat's Antique Armour Shop.
 27286 | Bazaar   | Bought an embroidered robe for 22 gold pieces
 27286 | Bazaar   | Bought a runed robe for 22 gold pieces
 27295 | Bazaar   | Found Fysu's General Store.
 27305 | Bazaar   | Found Zyhi's Assorted Antiques.
 27312 | Bazaar   | Found Osecu's Distillery.
 27330 | Bazaar   | Bought a potion of mutation for 37 gold pieces
 27337 | Bazaar   | Bought 2 pink potions for 55 gold pieces
 27340 | Bazaar   | Gained mutation: You are dopey. (Int -2) [potion of mutation]
 27340 | Bazaar   | Gained mutation: You are resistant to hostile enchantments. [potion of mutation]
 27340 | Bazaar   | Gained mutation: You are partially covered in rough black scales (AC +4, Dex -1). [potion of mutation]
 27341 | Bazaar   | Lost mutation: You are dopey. (Int -2) [potion of cure mutation]
 27341 | Bazaar   | Lost mutation: You are resistant to hostile enchantments. [potion of cure mutation]
 27341 | Bazaar   | Lost mutation: You are partially covered in rough black scales (AC +4, Dex -1). [potion of cure mutation]
 27343 | Bazaar   | Gained mutation: You have sharp fingernails. [potion of beneficial mutation]
 27352 | Bazaar   | Bought a potion of heal wounds for 75 gold pieces
 27352 | Bazaar   | Bought a potion of experience for 750 gold pieces
 27352 | Bazaar   | Reached skill level 19 in Dodging
 27352 | Bazaar   | Reached XP level 15. HP: 72/72 MP: 17/29
 28154 | Orc:4    | Found a roughly hewn altar of Beogh.
 28512 | Orc:4    | Reached skill level 8 in Charms
 28591 | Orc:4    | Found Likau's Magic Scroll Shop.
 28591 | Orc:4    | Found Potiozit's Distillery.
 28615 | Orc:4    | Found Eday's Antique Armour Emporium.
 28615 | Orc:4    | Found Xiasmaeneq's Distillery.
 28627 | Orc:4    | Bought a scroll of noise for 15 gold pieces
 29089 | Elf:1    | Entered Level 1 of the Elven Halls
 29280 | Elf:1    | Found a deep blue altar of Sif Muna.
 29356 | Elf:1    | Reached skill level 10 in Spellcasting
 29471 | Elf:1    | Reached skill level 6 in Fighting
 29694 | Elf:1    | Found Ilifaon's Antique Armour Shoppe.
 30154 | Elf:1    | Reached skill level 20 in Dodging
 30409 | Elf:1    | Reached skill level 5 in Air Magic
 30509 | Elf:1    | Reached skill level 9 in Charms
 31059 | Lair:8   | Entered Level 8 of the Lair of Beasts
 31075 | Lair:8   | Reached skill level 18 in Stealth
 31127 | Lair:8   | Found a staircase to the Slime Pits.
 31622 | Lair:8   | HP: 12/74 [black mamba (8)]
 32318 | Lair:8   | Reached skill level 7 in Fighting
 32335 | Lair:8   | Reached XP level 16. HP: 46/80 MP: 14/31
 33068 | Lair:8   | Reached skill level 10 in Charms
 33697 | Slime:1  | Entered Level 1 of the Pits of Slime
 34455 | D:13     | Noticed Azrael
 34485 | D:13     | Killed Azrael
 34501 | D:13     | Found Lokoqes's Gadget Boutique.
 34524 | D:13     | Bought a fan of gales for 680 gold pieces
 34685 | D:13     | Reached skill level 11 in Spellcasting
 34986 | D:13     | Reached skill level 11 in Charms
 36139 | D:13     | Reached skill level 19 in Stealth
 36370 | D:13     | Found a gate to the Vaults.
 36585 | D:14     | Found a shattered altar of Ashenzari.
 36585 | D:14     | Found Naunoo Zeto's Gadget Shoppe.
 36589 | D:14     | Bought a wand of teleportation (5) for 459 gold pieces
 36589 | D:14     | Bought a lamp of fire for 680 gold pieces
 36596 | D:14     | Noticed Roxanne
 36632 | D:14     | Reached skill level 8 in Fighting
 36632 | D:14     | Reached skill level 14 in Hexes
 36633 | D:14     | Noticed Rupert
 37064 | D:14     | Noticed Snorg
 37069 | D:14     | Killed Snorg
 37373 | D:14     | Killed Rupert
 38274 | D:14     | Killed Roxanne
 38295 | D:14     | Identified Roxanne's Disquisition on the Rocks and Confrontation (You took it off Roxanne on level 14 of the Dungeon)
 38363 | D:14     | Reached skill level 21 in Dodging
 38786 | D:15     | Entered Level 15 of the Dungeon
 38825 | D:15     | Reached skill level 12 in Charms
 39003 | D:15     | Got a clouded garnet amulet
 39004 | D:15     | Identified the amulet "Oqaoczomn" {+Rage Dex+2} (You acquired it on level 15 of the Dungeon)
 39721 | D:15     | Reached XP level 17. HP: 86/86 MP: 27/33
 39864 | D:15     | Found a staircase to the Depths.
 40339 | D:15     | Learned a level 6 spell: Haste
 40372 | Depths:1 | Entered Level 1 of the Depths
 40372 | Depths:1 | Found a gateway to Hell.
 40587 | Depths:1 | Found a one-way gate leading to the halls of Pandemonium.
 40694 | Depths:1 | Reached skill level 9 in Fighting
 41223 | Depths:1 | Noticed a lich
 41436 | Depths:1 | HP: 11/87 [stone giant/large rock[a boggart] (28)]
 41518 | Depths:1 | HP: 19/87 [vampire mage (5)]
 41536 | Depths:1 | HP: 16/87 [vampire mage (6)]
 42324 | Spider:1 | Entered Level 1 of the Spider Nest
 42400 | Spider:1 | Reached skill level 20 in Stealth
 43223 | Spider:1 | Reached skill level 13 in Charms
 43631 | Spider:1 | Reached skill level 12 in Spellcasting
 44387 | Spider:1 | HP: 22/88 [poisoned by a redback]
 44393 | Spider:1 | HP: 19/88 [poisoned by a redback]
 44399 | Spider:1 | HP: 17/88 [poisoned by a redback]
 44406 | Spider:1 | HP: 17/88 [poisoned by a redback]
 44414 | Spider:1 | HP: 17/88 [poisoned by a redback]
 46166 | Spider:3 | Identified a cursed +3 rod of inaccuracy (11/11) (You found it on level 3 of the Spider Nest)
 47967 | Spider:4 | Entered Level 4 of the Spider Nest
 48692 | Spider:4 | Reached skill level 10 in Fighting
 48692 | Spider:4 | Reached skill level 22 in Dodging
 48692 | Spider:4 | Reached skill level 13 in Spellcasting
 48789 | Spider:4 | Reached XP level 18. HP: 94/94 MP: 18/36
 48848 | Spider:4 | Gained mutation: You are clumsy. (Dex -2) [mutagenic glow]
 48878 | Spider:4 | Got a gossamer rune of Zot
 49066 | Spider:4 | Reached skill level 15 in Hexes
 49132 | Spider:4 | Learned a level 4 spell: Control Teleport
 50059 | Orc:4    | Bought a scroll of brand weapon for 300 gold pieces
 50830 | Elf:2    | Found Kamnan's Antique Weapon Boutique.
 50839 | Elf:2    | Bought a glowing dagger for 70 gold pieces
 50839 | Elf:2    | Bought a glowing short sword for 105 gold pieces
 50839 | Elf:2    | Bought a slimy dagger for 245 gold pieces
 50847 | Elf:2    | Identified the +3 dagger "Beogaoc" {flame, MP+9 Str+2} (You bought it in a shop on level 2 of the Elven Halls)
 50891 | Elf:2    | Found a runed gate.
 50891 | Elf:2    | Found a runed gate.
 50891 | Elf:2    | Found a runed gate.
 51152 | Elf:2    | HP: 21/95 [enchanted dagger (8)]
 51515 | Elf:2    | Learned a level 8 spell: Discord
 51716 | Elf:2    | Found Ilye's Antique Armour Boutique.
 51830 | Elf:2    | Found Egaures's Jewellery Emporium.
 51838 | Elf:2    | Bought the amulet "Wane" {Faith Slay+3 Stlth+} for 686 gold pieces
 51841 | Elf:2    | Found Laeticli's General Store.
 51846 | Elf:2    | Bought a lantern of shadows for 220 gold pieces
 51846 | Elf:2    | Bought a crystal ball of energy for 220 gold pieces
 51846 | Elf:2    | Bought a scroll of enchant weapon for 82 gold pieces
 51993 | Elf:2    | Reached skill level 21 in Stealth
 52394 | Elf:2    | Reached skill level 14 in Spellcasting
 52737 | Elf:3    | Entered Level 3 of the Elven Halls
 52792 | Elf:3    | Reached skill level 11 in Fighting
 54310 | Elf:3    | HP: 16/96 [crystal guardian/crystal bolt (22)]
 54962 | Elf:3    | Gained mutation: You are very clumsy. (Dex -4) [mutagenic glow]
 55452 | Elf:3    | Got a dazzling morningstar
 55582 | Elf:3    | Garuda: тебя
 55584 | Elf:3    | Garuda: вообще
 55584 | Elf:3    | Garuda: можно остановить
 55584 | Elf:3    | Garuda: хотя чуток
 55584 | Elf:3    | SWAGNEMITE: хз
 55584 | Elf:3    | SWAGNEMITE: думаю да
 55584 | Elf:3    | SWAGNEMITE: ещё один голем появится
 55584 | Elf:3    | SWAGNEMITE: и я труп
 55616 | Elf:3    | Garuda: ты когда спать
 55619 | Elf:3    | Garuda: мб успею щас заскочить
 55619 | Elf:3    | Garuda: чтобы сумочку взять
 55619 | Elf:3    | SWAGNEMITE: НИКОГДА
 55619 | Elf:3    | Garuda: хахахаахах
 55625 | Elf:3    | SWAGNEMITE: vut.
 55625 | Elf:3    | SWAGNEMITE: нахуй он своего убил щас
 55625 | Elf:3    | SWAGNEMITE: наркоман чтоле сука
 55625 | Elf:3    | SWAGNEMITE: https://youtu.be/AwkPBLDbI0Y?t=1m43s
 55625 | Elf:3    | Garuda: хахаха
 55625 | Elf:3    | SWAGNEMITE: НИКАГДА!
 55625 | Elf:3    | Garuda: Эльфы.
 55660 | Elf:3    | Garuda: что же ты такой потный
 56030 | Elf:3    | Got a flickering bronze ring
 56166 | Elf:3    | Garuda: ОГОНЬ
 56225 | Elf:3    | Garuda: ОГОЬН
 56227 | Elf:3    | Garuda: делце4жц
 56231 | Elf:3    | Identified the ring of the Nine Deaths {Wiz -Tele +Fly rPois Dex+4} (You took it off a deep elf demonologist on level 3 of the Elven Halls)
 56236 | Elf:3    | Got an ancient hand axe {flame}
 56973 | Elf:3    | Garuda: короче через мин 30 зайду
 56973 | Elf:3    | SWAGNEMITE: davay
 56994 | Elf:3    | Reached skill level 15 in Spellcasting
 57473 | Elf:3    | Reached XP level 19. HP: 100/100 MP: 36/39
 58148 | Elf:3    | Got an ancient steel ring
 58149 | Elf:3    | Identified the ring of Accord {rC+ Dex+2 Slay+3} (You took it off a deep elf annihilator on level 3 of the Elven Halls)
 58423 | Elf:3    | Identified the Incunabulum of Damage Dealing and Air (You found it on level 3 of the Elven Halls)
 58536 | Elf:3    | Identified the Reference Book on Intoxication and Combat Magic
 58760 | Elf:3    | Identified the Handbook of Contamination (You found it on level 3 of the Elven Halls)
 58977 | Elf:2    | Reached skill level 11 in Evocations
 59339 | Swamp:1  | Entered Level 1 of the Swamp
 59355 | Swamp:1  | Garuda: слуха
 59358 | Swamp:1  | Garuda: почему
 59366 | Swamp:1  | Garuda: октопод носит дохуя колец
 59372 | Swamp:1  | Garuda: но не может носить дохуя оужия
 59372 | Swamp:1  | Garuda: оружия
 59372 | Swamp:1  | Garuda: хаха
 59372 | Swamp:1  | SWAGNEMITE: ну тип
 59372 | Swamp:1  | SWAGNEMITE: оружие тяжелое
 59372 | Swamp:1  | SWAGNEMITE: хаха
 59372 | Swamp:1  | Garuda: ну прикинь 8 топор
 59372 | Swamp:1  | SWAGNEMITE: хаахах
 59372 | Swamp:1  | Garuda: такая хуета по данжу летит
 59372 | Swamp:1  | SWAGNEMITE: такая мясорубка
 59372 | Swamp:1  | SWAGNEMITE: под хастой
 59372 | Swamp:1  | Garuda: хаха
 59372 | Swamp:1  | SWAGNEMITE: просто крутится
 59372 | Swamp:1  | Garuda: и орб сам катиться
 59372 | Swamp:1  | Garuda: тебе
 59372 | Swamp:1  | SWAGNEMITE: в твою сторону
 59372 | Swamp:1  | Garuda: хахаха
 59372 | Swamp:1  | Garuda: такой типа омг омг
 59372 | Swamp:1  | Garuda: и абилка
 59378 | Swamp:1  | Garuda: вирлвинд типа
 59378 | Swamp:1  | Garuda: хаха
 59380 | Swamp:1  | Garuda: сука
 59381 | Swamp:1  | Garuda: изи гейс
 59381 | Swamp:1  | Lost mutation: You are very clumsy. (Dex -4) [potion of cure mutation]
 59381 | Swamp:1  | Lost mutation: You are clumsy. (Dex -2) [potion of cure mutation]
 59381 | Swamp:1  | Lost mutation: You have sharp fingernails. [potion of cure mutation]
 59390 | Swamp:1  | SWAGNEMITE: больше гидр плес
 59838 | Swamp:1  | Garuda: more
 59838 | Swamp:1  | Garuda: ples
 59844 | Swamp:1  | SWAGNEMITE: БЛЯДСКОЕ ДЕРЕВО
 59844 | Swamp:1  | SWAGNEMITE: СУКА
 61450 | Orc:4    | Bought a scroll of identify for 30 gold pieces
 61450 | Orc:4    | Bought a scroll of identify for 30 gold pieces
 61450 | Orc:4    | Bought a scroll of identify for 30 gold pieces
 61450 | Orc:4    | Bought a scroll of identify for 30 gold pieces
 61450 | Orc:4    | Bought a scroll of identify for 30 gold pieces
 61512 | Orc:3    | Bought a book of Battle for 520 gold pieces
 61512 | Orc:3    | Bought a book of Necromancy for 390 gold pieces
 61512 | Orc:3    | Bought a book of Debilitation for 520 gold pieces
 61512 | Orc:3    | Garuda: блять
 61512 | Orc:3    | Garuda: сука
 61515 | Orc:3    | Learned a level 2 spell: Slow
 61515 | Orc:3    | Garuda: блять
 61519 | Orc:3    | Learned a level 3 spell: Regeneration
 61519 | Orc:3    | Garuda: опять погрузился в процесс
 61519 | Orc:3    | Garuda: забыл вообще что куда-то идти надо
 61609 | Lair:1   | SWAGNEMITE: хех
 61892 | Swamp:2  | Garuda: CERF
 61893 | Swamp:2  | Garuda: СУКА
 61893 | Swamp:2  | Garuda: БЛЯТЬ
 61937 | Swamp:2  | SWAGNEMITE: #кощкаживы
 61937 | Swamp:2  | SWAGNEMITE: живи*
 62557 | Swamp:3  | Reached skill level 12 in Fighting
 62620 | Swamp:3  | Reached skill level 16 in Hexes
 63690 | Swamp:4  | Entered Level 4 of the Swamp
 63701 | Swamp:4  | Noticed Aizul
 64171 | Swamp:4  | Killed Aizul
 64171 | Swamp:4  | Reached skill level 16 in Spellcasting
 64428 | Swamp:4  | Noticed Kirke
 64497 | Swamp:4  | Killed Kirke
 64504 | Swamp:4  | Reached skill level 12 in Evocations
 65022 | Swamp:4  | Reached skill level 22 in Stealth
 65034 | Swamp:4  | Reached skill level 23 in Dodging
 65170 | Swamp:4  | Got a decaying rune of Zot
 65843 | Slime:1  | Noticed an acid blob
 65846 | Slime:1  | Paralysed by a great orb of eyes for 2 turns
 65861 | Slime:1  | Garuda: ебал
 65861 | Slime:1  | Garuda: мамок
 65863 | Slime:1  | Killed an acid blob
 65864 | Slime:1  | Garuda: пуканище раздолбленно
 65868 | Slime:1  | Garuda: в дробь
 65869 | Slime:1  | Garuda: я пошел
 65874 | Slime:1  | Garuda: иду
 65874 | Slime:1  | SWAGNEMITE: dava
 66260 | Slime:2  | Reached XP level 20. HP: 66/107 MP: 39/41
 67305 | Slime:2  | Gained mutation: Your body sometimes deteriorates upon taking damage. [a shining eye]
 68944 | Slime:3  | Reached skill level 13 in Evocations
 69626 | Slime:3  | Garuda: мне лень стало
 69838 | Slime:4  | Reached skill level 17 in Spellcasting
 70144 | Slime:4  | ohyou: а ты кастуешь чтоли чтото?
 70148 | Slime:4  | ohyou: чо в робе то
 70148 | Slime:4  | ohyou: 4 ас :(
 70148 | Slime:4  | SWAGNEMITE: ну да
 70148 | Slime:4  | SWAGNEMITE: дохуя кастую
 70148 | Slime:4  | ohyou: так одел бы что потяжелее
 70148 | Slime:4  | SWAGNEMITE: на сприггана?
 70148 | Slime:4  | SWAGNEMITE: ну да, я б с радостью
 70148 | Slime:4  | ohyou: ну лезер хотя бы, и заточи себе концы
 70148 | Slime:4  | SWAGNEMITE: чего?
 70188 | Slime:4  | ohyou: +2 концы это +3ас шлем (или +2ас шляпа), +3ас ботинки, +3ас перчатки, +3ас клоака
 70217 | Slime:4  | SWAGNEMITE: спригган.
 70217 | Slime:4  | SWAGNEMITE: нельзя ботинки
 70217 | Slime:4  | SWAGNEMITE: шлем тоже
 70217 | Slime:4  | ohyou: а я не помню чо у них там за ограничения :(
 70217 | Slime:4  | SWAGNEMITE: перчатки тоже
 70217 | Slime:4  | ohyou: шляпу же можно вроде?
 70217 | Slime:4  | SWAGNEMITE: и армор тяжелее робы
 70217 | Slime:4  | SWAGNEMITE: тоже нельзя
 70217 | Slime:4  | ohyou: блин сори тогда
 70217 | Slime:4  | ohyou: я за сп вообще не играю
 70217 | Slime:4  | SWAGNEMITE: плащик можно
 70217 | Slime:4  | SWAGNEMITE: вроде
 70217 | Slime:4  | ohyou: должно быть можно
 70217 | Slime:4  | SWAGNEMITE: но плащиков нету
 70217 | Slime:4  | SWAGNEMITE: нормальных
 70217 | Slime:4  | ohyou: так вон же лежит
 70217 | Slime:4  | SWAGNEMITE: только этот убогий
 70217 | Slime:4  | ohyou: он тебе +3ас даст
 70219 | Slime:5  | ohyou: 1 дефолтный и 2 с заточки
 70219 | Slime:5  | SWAGNEMITE: сколько уровней в слаймах?
 70219 | Slime:5  | SWAGNEMITE: я замаялся пляски с амулетами устраивать
 70226 | Slime:5  | ohyou: 6
 70574 | Slime:5  | ohyou: так вот же
 70583 | Slime:5  | ohyou: тебе можно troll armour и dragon armour носить
 70584 | Slime:5  | ohyou: и шляпы можно
 70790 | Slime:5  | ohyou: трольи получаются из тролей
 70790 | Slime:5  | SWAGNEMITE: ну вон чет валяется
 70790 | Slime:5  | ohyou: разделываешь их и от них остается шкура их
 70790 | Slime:5  | ohyou: лол бля
 70790 | Slime:5  | ohyou: у тебя гда валяется
 70790 | Slime:5  | SWAGNEMITE: Encumbrance rating: 23
 70790 | Slime:5  | ohyou: ты можешь из себя сделать сейчас файтера с квикблейдом
 70790 | Slime:5  | SWAGNEMITE: похожу лучше в робе
 70962 | Slime:5  | ohyou: тролей разделывай тогда и драконов всех что видишь
 70962 | Slime:5  | ohyou: с них падает шкура
 70978 | Slime:6  | Entered Level 6 of the Pits of Slime
 70979 | Slime:6  | ohyou: на шкуру юзаешь точку брони и она превращается в броню
 70981 | Slime:6  | ohyou: которую ты сможешь одеть собственно
 71165 | Slime:6  | ohyou: покругу сначала лучше зачисти
 71171 | Slime:6  | ohyou: тут всегда круглый лейаут
 71178 | Slime:6  | ohyou: и в центре - роял желли
 71183 | Slime:5  | SWAGNEMITE: я знаю
 71251 | Slime:6  | SWAGNEMITE: жаль ммапинга нет
 71472 | Slime:6  | Found a viscous altar of Jiyva.
 71684 | Slime:6  | Reached skill level 14 in Evocations
 71703 | Slime:6  | Noticed the royal jelly
 71743 | Slime:6  | acidapple: ого
 71748 | Slime:6  | acidapple: достаточно яично лезть на желешку с фризинг клаудом
 71748 | Slime:6  | SWAGNEMITE: lel
 71752 | Slime:6  | acidapple: или у тебя сингулярность
 71753 | Slime:6  | acidapple: я вообще хз что это за спелл
 71754 | Slime:6  | SWAGNEMITE: это род
 71754 | Slime:6  | SWAGNEMITE: в руках щас.
 71781 | Slime:6  | SWAGNEMITE: эмм.
 71781 | Slime:6  | SWAGNEMITE: оно что, погибло?
 71785 | Slime:6  | acidapple: нет
 71795 | Slime:6  | acidapple: стенки не прозрачные
 71796 | Slime:6  | acidapple: и -ктеле
 71797 | Slime:6  | acidapple: все еще есть
 71832 | Slime:6  | Gained mutation: Armour fits poorly on your strangely shaped body. [mutagenic glow]
 71838 | Slime:6  | acidapple: такие асид блобы ебаные
 71840 | Slime:6  | acidapple: это просто жесть
 71842 | Slime:6  | acidapple: они так могут расстрелять рандомно
 71857 | Slime:6  | acidapple: какой у тебя вообще план был на сражение?
 71858 | Slime:6  | SWAGNEMITE: ау
 71858 | Slime:6  | SWAGNEMITE: не знаю
 71858 | Slime:6  | SWAGNEMITE: я вообще хотел дискорд прожать
 71858 | Slime:6  | SWAGNEMITE: но он не работает на желе
 71858 | Slime:6  | SWAGNEMITE: знал бы раньше вообще сюда б не пошел
 71865 | Slime:6  | acidapple: с твоей скоростью проблемы только могут асид блобы сделать
 71867 | Slime:6  | acidapple: так что можешь еще потанцевать тут, авось заковыряешь
 71867 | Slime:6  | acidapple: такие конечно ЙОБА конфиги у тебя
 71867 | Slime:6  | acidapple: у меня чет по старинке все
 71867 | Slime:6  | SWAGNEMITE: заковырять то заковыряю
 71867 | Slime:6  | acidapple: а у тебя и инскрайбы какие-то и цифры показываются
 71867 | Slime:6  | SWAGNEMITE: хаха
 71869 | Slime:6  | SWAGNEMITE: ДА ЕПТ
 71869 | Slime:6  | SWAGNEMITE: ебал рандом
 71869 | Slime:6  | SWAGNEMITE: вот был бы это огонь бой бы уже закончился
 71875 | Slime:6  | HP: 25/108 [azure jelly[the royal jelly] (4)]
 71876 | Slime:6  | Killed the royal jelly
 71876 | Slime:6  | Reached skill level 13 in Fighting
 71878 | Slime:6  | SWAGNEMITE: хмм.
 71878 | Slime:6  | acidapple: с -ктеле блинк рандомный будет
 71878 | Slime:6  | SWAGNEMITE: не знал что -теле не дает блинкаться
 71908 | Slime:6  | acidapple: о, сдохла
 71908 | Slime:6  | acidapple: желешка
 71913 | Slime:6  | acidapple: гц
 71913 | Slime:6  | SWAGNEMITE: хвала евокам!
 71929 | Slime:6  | acidapple: а почему ты гозага то взял
 71929 | Slime:6  | acidapple: вообще же щит тир
 71929 | Slime:6  | SWAGNEMITE: кто тебе сказал такую глупость?
 71929 | Slime:6  | SWAGNEMITE: на сприггана вообще клёво заходит
 71929 | Slime:6  | acidapple: да как-то не замечал особого профита за ним
 71929 | Slime:6  | acidapple: хах профит
 71929 | Slime:6  | SWAGNEMITE: и рандомный конфуз и трупы не нужны
 71929 | Slime:6  | SWAGNEMITE: и щекели
 71929 | Slime:6  | SWAGNEMITE: бесплатные!
 71929 | Slime:6  | acidapple: ну такое
 71929 | Slime:6  | SWAGNEMITE: а в лейте так вообще можно в артах купаться
 71929 | Slime:6  | SWAGNEMITE: жаль дупликейт нерфанули
 71929 | Slime:6  | SWAGNEMITE: было бы клёво
 72055 | Slime:5  | HP: 21/109 [acid (11)]
 72084 | Slime:6  | SWAGNEMITE: свалить бы отсюда теперь блять
 72185 | Slime:6  | acidapple: _W - the amulet of Doubts {Ward rF+ rC+ rN+ Int+4 Dex+7}
 72190 | Slime:6  | acidapple: бля чет заценил
 72203 | Slime:6  | acidapple: хорошая штука такая
 72216 | Slime:6  | acidapple: я хочу под ашензари побегать
 72220 | Slime:6  | acidapple: мое любимое божество после чеи
 72232 | Slime:6  | SWAGNEMITE: какого хуя блядская жижа такая быстрая
 72232 | Slime:6  | SWAGNEMITE: маму ебал
 72277 | Slime:4  | acidapple: ща зашкварят
 72782 | D:13     | SWAGNEMITE: курить пойду
 72782 | D:13     | SWAGNEMITE: ебало вспотело
 72815 | Vaults:1 | Entered Level 1 of the Vaults
 72827 | Vaults:1 | acidapple: лел
 72828 | Vaults:1 | acidapple: ятолько что заметил
 72828 | Vaults:1 | acidapple: если прей нажимаешь
 72828 | Vaults:1 | SWAGNEMITE: ?
 72828 | Vaults:1 | acidapple: за андеда
 72828 | Vaults:1 | acidapple: без божжества
 72828 | Vaults:1 | acidapple: _W - the amulet of Doubts {Ward rF+ rC+ rN+ Int+4 Dex+7}
 72828 | Vaults:1 | acidapple: ой
 72828 | Vaults:1 | acidapple: _You spend a moment contemplating the meaning of unlife.
 73010 | Vaults:1 | SWAGNEMITE: так всё
 73010 | Vaults:1 | SWAGNEMITE: если перерыв не сделаю точно сдохну
 73010 | Vaults:1 | SWAGNEMITE: брб
 73135 | Vaults:1 | SWAGNEMITE: не знаю осилю ли волты
 73135 | Vaults:1 | SWAGNEMITE: особенно пятые
 73209 | Vaults:1 | Reached XP level 21. HP: 113/113 MP: 43/43
 73376 | Vaults:1 | Found a flickering gateway to a bazaar.
 73388 | Bazaar   | Entered a bazaar
 73391 | Bazaar   | Found Biugg's Food Shop.
 73396 | Bazaar   | Bought a bread ration for 35 gold pieces
 73396 | Bazaar   | Bought a bread ration for 35 gold pieces
 73396 | Bazaar   | Bought a bread ration for 35 gold pieces
 73396 | Bazaar   | Bought a bread ration for 35 gold pieces
 73406 | Bazaar   | Found Urypn's Distillery.
 73411 | Bazaar   | Bought a potion of heal wounds for 55 gold pieces
 73411 | Bazaar   | Bought a potion of curing for 33 gold pieces
 73419 | Bazaar   | Found Hiol's Weapon Boutique.
 73424 | Bazaar   | SWAGNEMITE: эхх
 73424 | Bazaar   | SWAGNEMITE: мажин-бо
 73450 | Bazaar   | Found Sucegenk's Jewellery Shop.
 73455 | Bazaar   | Bought a cursed ring of loudness for 63 gold pieces
 75298 | Slime:6  | acidapple: я тут
 75318 | Slime:6  | SWAGNEMITE: я тоже
 75318 | Slime:6  | SWAGNEMITE: я тут забыл почему ушел из слаймов
 75480 | Slime:4  | ohyou: ого ты тут долго чото
 75480 | Slime:4  | SWAGNEMITE: ха-ха!
 75480 | Slime:4  | SWAGNEMITE: ха...
 75485 | Slime:4  | ohyou: чо
 75510 | Slime:1  | SWAGNEMITE: да вот
 75510 | Slime:1  | SWAGNEMITE: кислотой в лицо плюют
 75510 | Slime:1  | SWAGNEMITE: лицо тает
 75510 | Slime:1  | SWAGNEMITE: че делать - непонятно
 75511 | Slime:1  | ohyou: ах, 3 ас
 75540 | Lair:8   | ohyou: одеть плащ, например
 75540 | Slime:6  | ohyou: и на +2 его точнуть
 75907 | Orc:4    | Learned a level 4 spell: Control Teleport
 76479 | Lair:6   | ohyou: вот в 2 раза больше ас стало
 76605 | Slime:6  | ohyou: ркорр есть?
 76608 | Slime:6  | ohyou: от кислоты
 76624 | Slime:6  | Got a steaming long sword
 76630 | Slime:6  | Identified the +12 long sword of Zigraxty {flame, rF+} (You found it on level 6 of the Pits of Slime)
 76647 | Slime:6  | Got a bloodstained quarterstaff
 76663 | Slime:6  | Got a slimy rune of Zot
 76801 | Slime:6  | Got a bound brass ring
 76844 | Slime:6  | Identified the ring "Zeguv" {+Inv Str-5 Int+2 Stlth+} (You found it on level 6 of the Pits of Slime)
 76845 | Slime:6  | SWAGNEMITE: хаха
 76845 | Slime:6  | SWAGNEMITE: надеваю кольцо и умираю
 77357 | Vaults:2 | Found Ruscheuts's Weapon Shop.
 77402 | Vaults:2 | Found a staircase to the Crypt.
 77690 | Vaults:2 | Got a tattered robe
 77701 | Vaults:2 | Identified the +1 robe of the Ladybird {rCorr Str+2 Slay-3 Stlth+} (You found it on level 2 of the Vaults)
 77762 | Vaults:2 | Reached skill level 17 in Hexes
 78162 | Vaults:2 | Reached skill level 15 in Evocations
 78881 | Vaults:2 | Noticed Donald
 78886 | Vaults:2 | Killed Donald
 78886 | Vaults:2 | Reached skill level 23 in Stealth
 79948 | Vaults:2 | Noticed Frances
 79948 | Vaults:2 | Noticed Louise
 79979 | Vaults:2 | Killed Frances
 79982 | Vaults:2 | Killed Louise
 79986 | Vaults:2 | Noticed Wiglaf
 80000 | Vaults:2 | Killed Wiglaf
 80353 | Vaults:3 | Found Sosk's Distillery.
 80361 | Vaults:3 | Bought a potion of beneficial mutation for 700 gold pieces
 80499 | Vaults:3 | Reached skill level 24 in Dodging
 80710 | Vaults:3 | Cast into the Abyss (vault warden)
 80778 | Abyss:1  | Killed Urug
 80778 | Abyss:1  | Reached skill level 14 in Fighting
 80898 | Abyss:1  | Gained mutation: You are clumsy. (Dex -2) [a neqoxec]
 80899 | Abyss:1  | Gained mutation: You occasionally shout uncontrollably at your foes. [a neqoxec]
 80913 | Abyss:1  | Found a corrupted altar of Lugonu.
 81197 | Abyss:1  | Found a corrupted altar of Lugonu.
 81198 | Abyss:1  | Found a basalt altar of Yredelemnul.
 81650 | Abyss:1  | Found a shimmering altar of Xom.
 82671 | Abyss:1  | Found a corrupted altar of Lugonu.
 83310 | Vaults:3 | Escaped the Abyss
 84544 | Vaults:3 | Reached skill level 18 in Hexes
 84835 | Vaults:3 | HP: 20/115 [cloud of thunder (95)]
 85302 | Vaults:3 | Reached XP level 22. HP: 42/120 MP: 28/44
 86020 | Vaults:4 | Found Beixaudd's Antique Armour Boutique.
 86065 | Vaults:4 | Reached skill level 16 in Evocations
 86195 | Vaults:4 | Bought a wizard robe for 148 gold pieces
 86195 | Vaults:4 | Bought a runed hat for 104 gold pieces
 86210 | Vaults:4 | Identified the +0 robe of Axkownid {+Inv} (You bought it in a shop on level 4 of the Vaults)
 86509 | Vaults:4 | Found a shimmering altar of Xom.
 88072 | D:15     | Killed a lich
 88726 | Depths:1 | Reached skill level 19 in Hexes
 89186 | Depths:1 | Reached skill level 24 in Stealth
 89632 | Depths:1 | Reached skill level 15 in Fighting
 89804 | Depths:1 | Found Karoef's Distillery.
 89931 | Depths:1 | Bought a potion of heal wounds for 65 gold pieces
 89931 | Depths:1 | Bought a potion of heal wounds for 65 gold pieces
 89931 | Depths:1 | Bought a potion of beneficial mutation for 455 gold pieces
 90237 | Depths:1 | Found a one-way gate to the infinite horrors of the Abyss.
 90301 | Depths:1 | Identified the Reference Book on Evil Arts
 90580 | Depths:2 | Found a gateway to a ziggurat.
 91016 | Depths:2 | Reached XP level 23. HP: 126/126 MP: 25/45
 91415 | Depths:2 | Reached skill level 17 in Evocations
 92254 | Depths:2 | HP: 29/127 [deep troll (15)]
 92990 | Depths:2 | Reached skill level 20 in Hexes
 93026 | Depths:2 | Reached skill level 25 in Dodging
 93777 | Depths:3 | Noticed Mara
 93798 | Depths:3 | Noticed SWAGNEMITE's illusion
 93819 | Depths:3 | Killed SWAGNEMITE's illusion
 93823 | Depths:3 | Noticed SWAGNEMITE's illusion
 93844 | Depths:3 | Killed Mara
 93845 | Depths:3 | Killed SWAGNEMITE's illusion
 93978 | Depths:3 | Found Deoxuw's Food Shoppe.
 93983 | Depths:3 | Bought a bread ration for 70 gold pieces
 93983 | Depths:3 | Bought a bread ration for 70 gold pieces
 93983 | Depths:3 | Bought a bread ration for 70 gold pieces
 93983 | Depths:3 | Bought a bread ration for 70 gold pieces
 93983 | Depths:3 | Bought a bread ration for 70 gold pieces
 93983 | Depths:3 | Bought a slice of pizza for 21 gold pieces
 93983 | Depths:3 | Bought a slice of pizza for 21 gold pieces
 94279 | Depths:3 | HP: 23/128 [vampire knight/vampiric long sword (10)]
 95032 | Depths:3 | Reached skill level 16 in Fighting
 95964 | Depths:3 | Reached skill level 25 in Stealth
 96588 | Depths:4 | Reached skill level 18 in Evocations
 96588 | Depths:4 | Reached XP level 24. HP: 129/134 MP: 42/45
 97061 | Depths:4 | Lost mutation: Armour fits poorly on your strangely shaped body. [potion of cure mutation]
 97061 | Depths:4 | Lost mutation: You are clumsy. (Dex -2) [potion of cure mutation]
 98115 | Depths:4 | Reached skill level 26 in Dodging
 98299 | Depths:4 | Got a wavering amber ring
 98354 | Depths:5 | Entered Level 5 of the Depths
 98482 | Depths:5 | Reached skill level 19 in Evocations
 98776 | Depths:5 | Found a gate to the Realm of Zot.
 98895 | Depths:5 | HP: 32/135 [black draconian monk/bolt of lightning (26)]
 98999 | Depths:5 | Reached skill level 17 in Fighting
 99287 | Depths:5 | Found Itebbitt's Food Shoppe.
 99297 | Depths:5 | Bought a bread ration for 50 gold pieces
 99297 | Depths:5 | Bought a slice of pizza for 15 gold pieces
 99297 | Depths:5 | Bought a royal jelly for 20 gold pieces
 99297 | Depths:5 | Bought a bread ration for 50 gold pieces
 99297 | Depths:5 | Bought 4 fruits for 60 gold pieces
 99304 | Depths:5 | Identified the ring "Uvvar" {+Blink +Fly MP-9 Dex+5} (You took it off a merfolk javelineer on level 4 of the Depths)
100519 | Vaults:5 | Entered Level 5 of the Vaults
100661 | Vaults:5 | Reached skill level 20 in Evocations
100679 | Vaults:5 | Got a smoking hand crossbow
100680 | Vaults:5 | Identified the cursed +2 hand crossbow of the Exiled Wonders {freeze, rElec rC- Str+2 Int-4} (You found it on level 5 of the Vaults)
100724 | Vaults:5 | Noticed an ancient lich
100986 | Vaults:5 | Reached XP level 25. HP: 141/141 MP: 36/45
101066 | Vaults:5 | Identified the Tome of Summoning (You found it on level 5 of the Vaults)
101094 | Vaults:5 | Reached skill level 27 in Dodging
101595 | Vaults:5 | Killed from afar by an elder shockfire beast

Vault maps used:
D:1:      arrival_aquarium_a
D:2:      first_bread
D:3:      ashenzari_conservatory_becter, vehumet_crystals
D:4:      st_stairs_11, uniq_duvessa, uniq_eustachio
D:5:      minmay_temple_entry_statues_fountains
D:6:      portal_sewer_entry_b, grunt_ministairs_3, uniq_sigmund
D:7:      nicolae_ru_great_annihilating_truth
D:8:      overflow_temple_1_default, hangedman_tree_tricks
D:9:      kiku_gazebo_garden_becter, orc_0_dummy, nicolae_underground_beach
D:10:     david_lair_generic, serial_shops, shop, nicolae_ashenzari_panopticon,
          uniq_josephine, uniq_maurice, uniq_urug
D:11:     uniq_erolcha
D:12:     lab_entry_generic
D:13:     minmay_concentric_multi, david_vaults_4, special_room, uniq_azrael
D:14:     basic_altar, minmay_brain_eaters, uniq_snorg, uniq_rupert,
          uniq_roxanne
D:15:     hangedman_depths_entry_try_elsewhere_first, roderic_roman_lattice
Temple:   water_room_temple_a_12
Lair:1:   forest_paths
Lair:2:   lemuel_fruit_tree
Lair:3:   small_statue_intersection, uniq_fannar, uniq_harold
Lair:4:   st_stairs_6, beast_lair_carwin_11, lemuel_fruit_fields,
          bh_autumn_forest_stairs, uniq_maud, uniq_nergalle
Lair:5:   serial_bayou_lagoon_a
Lair:6:   swamp_mist_pool, spider_nest_entry_webs
Lair:7:   nicolae_volcano_entry_lava_flow, st_stairs_9, patterned_corridor,
          serial_bayou_shore_a, serial_bayou_shore_b
Lair:8:   hangedman_lair_in_review, minmay_slime_entry_pillars,
          kennysheep_basilisk_garden, serial_bayou_shore_b
Swamp:1:  hangedman_swamp_ruin_hall, swamp_pool2
Swamp:2:  hangedman_swamp_blocks, swamp_pool5, infiniplex_staircase_pool
Swamp:3:  hangedman_swamp_cone, swamp_pool1
Swamp:4:  swamp, swamp_pool2, uniq_aizul, uniq_kirke
Spider:4: grunt_spider_rune_circles
Slime:2:  cheibrodos_slime_lost_civilization_1
Slime:3:  cheibrodos_slime_lost_civilization_7
Orc:1:    nicolae_orc_accident_2
Orc:3:    serial_shops, nicolae_shop_crystal, shop, shop_fountains, basic_altar,
          nicolae_orc_pool_cavern, guppyfry_library_mini
Orc:4:    grunt_orc_tribal_feast, basic_altar, serial_shops, bzr_firewalk,
          nicolae_orc_damp_corner
Elf:1:    elf_arrival_001, serial_shops, nicolae_shop_waterfront, special_room,
          minmay_elf_crystal_hexagon, grunt_ministairs_5,
          serial_sigils_hangedman_quiver, minmay_misc_feat_columns,
          st_stairs_13, minmay_misc_feat_alley, lemuel_blue_sif_altar
Elf:2:    serial_shops, nicolae_shop_trees, nicolae_shop_statue_plus, shop,
          nicolae_shop_overgrown_old_shop, nrook_mini_backslash,
          lemuel_flamethrower_3
Elf:3:    minmay_elf_hall_golems, grunt_megastairs_4
Vaults:1: nicolae_vaults_twisting_passages, v_misc_10, vaults_room_hallway,
          vaults_room_octagon, v_misc_25, serial_shops, bzr_in_the_mist
Vaults:2: hangedman_vaults_corner_blocks, hangedman_vaults_capsules,
          dpeg_vaults_monster_box, minmay_crypt_entry_simple_round,
          dpeg_vaults_monster_row, nicolae_vaults_little_squares_3,
          nicolae_vaults_little_squares_5, v_misc_19, v_alt_pattern_3,
          nicolae_vaults_gold_heap, nicolae_vaults_windows_and_doors_thing,
          hangedman_vaults_stream, sword_in_stone, uniq_donald
Vaults:3: vaults_standard_mumra_lines, vaults_mumra_hexcomb,
          vaults_room_large_hall, vaults_dpeg_encased_lava, grunt_vaults_swirl,
          v_rooms_4, vaults_dpeg_ring, grunt_vaults_funnel,
          nicolae_vaults_yaktaur_gun_rack
Vaults:4: v_alt_pattern_6, nicolae_vaults_quartermaster, vaults_room_door_hall,
          vaults_mumra_minichess_inversion, v_misc_26, v_misc_28, v_misc_14,
          ontoclasm_vaults_chip, ontoclasm_vaults_claustrophobia,
          stair_cage_open, basic_altar
Vaults:5: serial_shops, uniq_jory
Depths:1: minmay_room_of_horrors, rand_demon_pan_entry_5,
          hangedman_decor_riveting, serial_shops, shop, hell_entry,
          special_room, minmay_misc_feat_tower, hangedman_abyss_or_decor_slice,
          kennysheep_potato, serial_bayou_shore_b
Depths:2: lemuel_castle_with_subvaults, enter_ziggurat_c,
          grunt_hell_entry_demonic_statue, rand_demon_pan_entry_9,
          hangedman_decor_diamond_cutter, infiniplex_staircase_pool_2
Depths:3: evilmike_lava_path, hell_entry, grunt_pan_entry_spiral,
          infiniplex_staircase_trident, grunt_megastairs_5, uniq_mara
Depths:4: kennysheep_four_of_diamonds, rand_demon_pan_entry_3, abyss_entry,
          minmay_misc_feat_hallway, pf_hell_entry_tar_spiral, dk_noncrumbling_4,
          firewood_loft
Depths:5: grunt_zot_entry_funnels, abyss_entry, hell_entry,
          columned_hall_lemuel, serial_shops, nicolae_shop_scaring_up_business,
          minmay_misc_feat_cross, st_stairs_5, dk_noncrumbling_2,
          corexii_hall_statues_l
Lab:      nicolae_lab_very_dead_end
Bazaar:   bazaar_kb_twisted_cavern, bazaar_jpeg_honeycomb
Sewer:    sewer_co_purgy_island
Volcano:  volcano_aerie

Action                   |  1- 3 |  4- 6 |  7- 9 | 10-12 | 13-15 | 16-18 | 19-21 | 22-24 | 25-27 || total
-------------------------+-------+-------+-------+-------+-------+-------+-------+-------+-------++-------
Melee: Dagger            |   103 |   112 |   320 |   759 |  1348 |    55 |       |       |       ||  2697
       Rapier            |       |       |       |       |   336 |  1835 |    77 |       |       ||  2248
       Short sword       |       |       |       |       |    34 |   434 |       |       |       ||   468
       Quick blade       |       |       |       |       |       |   332 |  2122 |  2569 |   134 ||  5157
 Fire: Blowgun           |       |       |       |     7 |     5 |       |     6 |       |       ||    18
Throw: Throwing net      |       |       |       |       |       |     5 |     4 |       |       ||     9
 Cast: Confuse           |     1 |    10 |    28 |    89 |   147 |   479 |   286 |   229 |    11 ||  1280
       Tukima's Dance    |       |     3 |     4 |    16 |    52 |    90 |    62 |    61 |     5 ||   293
       Ensorcelled Hiber |       |     2 |     6 |    32 |     2 |    10 |     1 |     4 |       ||    57
       Mass Confusion    |       |       |       |     3 |     1 |       |       |       |       ||     4
       Dazzling Spray    |       |       |       |     1 |     3 |     2 |       |       |       ||     6
       Cause Fear        |       |       |       |       |     3 |     2 |       |     3 |       ||     8
       Silence           |       |       |       |       |     4 |    10 |     2 |       |       ||    16
       Invisibility      |       |       |       |       |     3 |    11 |     3 |     3 |     1 ||    21
       Haste             |       |       |       |       |       |     5 |     4 |     5 |       ||    14
       Discord           |       |       |       |       |       |     2 |     3 |     9 |       ||    14
       Deflect Missiles  |       |       |       |       |       |       |     4 |     3 |       ||     7
       Slow              |       |       |       |       |       |       |     1 |     3 |       ||     4
       Regeneration      |       |       |       |       |       |       |     3 |    13 |     1 ||    17
       Control Teleport  |       |       |       |       |       |       |     5 |     1 |       ||     6
Invok: Call Merchant     |       |       |       |     1 |     2 |       |     2 |     1 |       ||     6
 Abil: Evoke Flight      |       |       |       |       |       |       |    20 |       |       ||    20
Evoke: Wand              |       |       |     1 |    12 |    17 |    14 |    10 |     1 |     1 ||    56
       Rod               |       |       |       |       |     5 |    12 |   109 |    87 |     3 ||   216
       Deck              |       |       |       |       |     1 |     3 |       |     1 |       ||     5
       Phial of floods   |       |       |       |       |       |     4 |     2 |     5 |       ||    11
       Lamp of fire      |       |       |       |       |       |     4 |     7 |     5 |     1 ||    17
       Fan of gales      |       |       |       |       |       |     4 |     2 |     4 |       ||    10
       Stone of tremors  |       |       |       |       |       |     2 |     1 |     1 |       ||     4
       Phantom mirror    |       |       |       |       |       |       |     1 |       |       ||     1
       Sack of spiders   |       |       |       |       |       |       |       |     5 |       ||     5
       Box of beasts     |       |       |       |       |       |       |       |       |     1 ||     1
  Use: Scroll            |     3 |     1 |     9 |    14 |    16 |    22 |    34 |    10 |     1 ||   110
       Potion            |       |       |     4 |     1 |     9 |     7 |     8 |    15 |       ||    44
 Stab: Sleeping          |    15 |    11 |    30 |    66 |    60 |    91 |    90 |    30 |       ||   393
       Confused          |     1 |     4 |    19 |    51 |    72 |   298 |   183 |   125 |     6 ||   759
       Distracted        |       |     1 |     3 |     8 |    14 |    27 |    34 |    46 |       ||   133
       Fleeing           |       |       |       |       |     3 |       |       |       |       ||     3
       Paralysed         |       |       |       |       |     2 |       |       |       |       ||     2
       Invisible         |       |       |       |       |    30 |   109 |    18 |    15 |       ||   172
       Held in net/web   |       |       |       |       |       |     3 |       |       |       ||     3
       Petrified         |       |       |       |       |       |       |     1 |       |       ||     1
  Eat: Bread ration      |       |     1 |       |     2 |       |     2 |     4 |     4 |       ||    13
       Royal jelly       |       |       |       |     1 |     1 |     5 |    14 |       |       ||    21
       Pizza             |       |       |       |     1 |     1 |     1 |     2 |     5 |       ||    10
       Fruit             |       |       |       |       |    20 |    12 |     3 |    24 |       ||    59

Vault maps used:
D:1:      arrival_aquarium_a
D:2:      first_bread
D:3:      ashenzari_conservatory_becter, vehumet_crystals
D:4:      st_stairs_11, uniq_duvessa, uniq_eustachio
D:5:      minmay_temple_entry_statues_fountains
D:6:      portal_sewer_entry_b, grunt_ministairs_3, uniq_sigmund
D:7:      nicolae_ru_great_annihilating_truth
D:8:      overflow_temple_1_default, hangedman_tree_tricks
D:9:      kiku_gazebo_garden_becter, orc_0_dummy, nicolae_underground_beach
D:10:     david_lair_generic, serial_shops, shop, nicolae_ashenzari_panopticon,
          uniq_josephine, uniq_maurice, uniq_urug
D:11:     uniq_erolcha
D:12:     lab_entry_generic
D:13:     minmay_concentric_multi, david_vaults_4, special_room, uniq_azrael
D:14:     basic_altar, minmay_brain_eaters, uniq_snorg, uniq_rupert,
          uniq_roxanne
D:15:     hangedman_depths_entry_try_elsewhere_first, roderic_roman_lattice
Temple:   water_room_temple_a_12
Lair:1:   forest_paths
Lair:2:   lemuel_fruit_tree
Lair:3:   small_statue_intersection, uniq_fannar, uniq_harold
Lair:4:   st_stairs_6, beast_lair_carwin_11, lemuel_fruit_fields,
          bh_autumn_forest_stairs, uniq_maud, uniq_nergalle
Lair:5:   serial_bayou_lagoon_a
Lair:6:   swamp_mist_pool, spider_nest_entry_webs
Lair:7:   nicolae_volcano_entry_lava_flow, st_stairs_9, patterned_corridor,
          serial_bayou_shore_a, serial_bayou_shore_b
Lair:8:   hangedman_lair_in_review, minmay_slime_entry_pillars,
          kennysheep_basilisk_garden, serial_bayou_shore_b
Swamp:1:  hangedman_swamp_ruin_hall, swamp_pool2
Swamp:2:  hangedman_swamp_blocks, swamp_pool5, infiniplex_staircase_pool
Swamp:3:  hangedman_swamp_cone, swamp_pool1
Swamp:4:  swamp, swamp_pool2, uniq_aizul, uniq_kirke
Spider:4: grunt_spider_rune_circles
Slime:2:  cheibrodos_slime_lost_civilization_1
Slime:3:  cheibrodos_slime_lost_civilization_7
Orc:1:    nicolae_orc_accident_2
Orc:3:    serial_shops, nicolae_shop_crystal, shop, shop_fountains, basic_altar,
          nicolae_orc_pool_cavern, guppyfry_library_mini
Orc:4:    grunt_orc_tribal_feast, basic_altar, serial_shops, bzr_firewalk,
          nicolae_orc_damp_corner
Elf:1:    elf_arrival_001, serial_shops, nicolae_shop_waterfront, special_room,
          minmay_elf_crystal_hexagon, grunt_ministairs_5,
          serial_sigils_hangedman_quiver, minmay_misc_feat_columns,
          st_stairs_13, minmay_misc_feat_alley, lemuel_blue_sif_altar
Elf:2:    serial_shops, nicolae_shop_trees, nicolae_shop_statue_plus, shop,
          nicolae_shop_overgrown_old_shop, nrook_mini_backslash,
          lemuel_flamethrower_3
Elf:3:    minmay_elf_hall_golems, grunt_megastairs_4
Vaults:1: nicolae_vaults_twisting_passages, v_misc_10, vaults_room_hallway,
          vaults_room_octagon, v_misc_25, serial_shops, bzr_in_the_mist
Vaults:2: hangedman_vaults_corner_blocks, hangedman_vaults_capsules,
          dpeg_vaults_monster_box, minmay_crypt_entry_simple_round,
          dpeg_vaults_monster_row, nicolae_vaults_little_squares_3,
          nicolae_vaults_little_squares_5, v_misc_19, v_alt_pattern_3,
          nicolae_vaults_gold_heap, nicolae_vaults_windows_and_doors_thing,
          hangedman_vaults_stream, sword_in_stone, uniq_donald
Vaults:3: vaults_standard_mumra_lines, vaults_mumra_hexcomb,
          vaults_room_large_hall, vaults_dpeg_encased_lava, grunt_vaults_swirl,
          v_rooms_4, vaults_dpeg_ring, grunt_vaults_funnel,
          nicolae_vaults_yaktaur_gun_rack
Vaults:4: v_alt_pattern_6, nicolae_vaults_quartermaster, vaults_room_door_hall,
          vaults_mumra_minichess_inversion, v_misc_26, v_misc_28, v_misc_14,
          ontoclasm_vaults_chip, ontoclasm_vaults_claustrophobia,
          stair_cage_open, basic_altar
Vaults:5: serial_shops, uniq_jory
Depths:1: minmay_room_of_horrors, rand_demon_pan_entry_5,
          hangedman_decor_riveting, serial_shops, shop, hell_entry,
          special_room, minmay_misc_feat_tower, hangedman_abyss_or_decor_slice,
          kennysheep_potato, serial_bayou_shore_b
Depths:2: lemuel_castle_with_subvaults, enter_ziggurat_c,
          grunt_hell_entry_demonic_statue, rand_demon_pan_entry_9,
          hangedman_decor_diamond_cutter, infiniplex_staircase_pool_2
Depths:3: evilmike_lava_path, hell_entry, grunt_pan_entry_spiral,
          infiniplex_staircase_trident, grunt_megastairs_5, uniq_mara
Depths:4: kennysheep_four_of_diamonds, rand_demon_pan_entry_3, abyss_entry,
          minmay_misc_feat_hallway, pf_hell_entry_tar_spiral, dk_noncrumbling_4,
          firewood_loft
Depths:5: grunt_zot_entry_funnels, abyss_entry, hell_entry,
          columned_hall_lemuel, serial_shops, nicolae_shop_scaring_up_business,
          minmay_misc_feat_cross, st_stairs_5, dk_noncrumbling_2,
          corexii_hall_statues_l
Lab:      nicolae_lab_very_dead_end
Bazaar:   bazaar_kb_twisted_cavern, bazaar_jpeg_honeycomb
Sewer:    sewer_co_purgy_island
Volcano:  volcano_aerie

Table legend:
 A = Turns spent in this place as a percentage of turns spent in the entire game.
 B = Non-inter-level travel turns spent in this place as a percentage of non-inter-level travel turns spent in the entire game.
 C = Inter-level travel turns spent in this place as a percentage of turns spent in this place.
 D = Turns resting spent in this place as a percentage of non-inter-level travel turns spent in this place.
 E = Turns spent auto-exploring this place as a percentage of non-inter-level travel turns spent in this place.
 F = Non-inter-level travel turns spent in this place divided by the number of levels of this place that you've seen.
                   A       B       C       D       E      F
               +-------+-------+-------+-------+-------+----------------------
         Total | 100.0 | 100.0 |   0.5 |   2.3 |   3.5 | 660.2
       Dungeon |  17.5 |  17.5 |   0.6 |   2.6 |   6.0 | 469.8
        Temple |   0.0 |   0.0 |   5.3 |   0.0 |  55.6 |  18.0
          Lair |  11.2 |  11.2 |   0.7 |   2.2 |   4.6 | 562.8
         Swamp |   5.5 |   5.5 |   0.6 |   1.3 |   3.6 | 557.0
   Spider Nest |   5.9 |   5.9 |   0.6 |   2.8 |   3.5 | 589.8
    Slime Pits |   7.7 |   7.6 |   1.3 |   3.4 |   1.7 | 510.5
  Orcish Mines |   4.4 |   4.4 |   1.2 |   1.2 |   4.7 | 441.0
   Elven Halls |  10.7 |  10.7 |   0.3 |   2.8 |   2.8 | 1441.3
        Vaults |  11.2 |  11.2 |   0.3 |   3.0 |   3.0 | 901.4
        Depths |  17.3 |  17.3 |   0.2 |   2.2 |   2.9 | 1394.6
         Abyss |   6.7 |   6.8 |   0.0 |   0.4 |   0.0 | 2729.0
     Labyrinth |   0.8 |   0.8 |   0.0 |   0.0 |   0.0 | 328.0
        Bazaar |   0.2 |   0.2 |   0.0 |   2.1 |  20.6 |  48.5
         Sewer |   0.5 |   0.5 |   0.0 |   0.0 |   3.4 | 204.0
       Volcano |   0.3 |   0.3 |   0.0 |   1.5 |   0.8 | 130.0
               +-------+-------+-------+-------+-------+----------------------

Table legend:
 A = Kills in this place as a percentage of kills in entire the game.
 B = Kills by you in this place as a percentage of kills by you in the entire game.
 C = Kills by friends in this place as a percentage of kills by friends in the entire game.
 D = Other kills in this place as a percentage of other kills in the entire game.
 E = Experience gained in this place as a percentage of experience gained in the entire game.
 F = Experience gained in this place divided by the number of levels of this place that you have seen.
                   A       B       C       D       E      F
               +-------+-------+-------+-------+-------+----------------------
         Total | 100.0 | 100.0 | 100.0 | 100.0 | 100.0 | 18419.5
       Dungeon |  20.8 |  21.5 |  15.7 |  18.4 |   7.7 | 5779.0
          Lair |  11.3 |  12.7 |   0.0 |   9.2 |   5.9 | 8326.0
         Swamp |   6.4 |   7.0 |   1.8 |   6.6 |   6.1 | 17206.5
   Spider Nest |   7.0 |   7.5 |   1.1 |  11.8 |   6.3 | 17601.8
    Slime Pits |   6.4 |   7.2 |   1.1 |   0.0 |   9.4 | 17555.2
  Orcish Mines |   6.9 |   5.9 |  15.7 |   2.6 |   0.8 | 2289.8
   Elven Halls |   7.5 |   6.2 |  19.2 |   6.6 |  10.4 | 39107.7
        Vaults |  15.7 |  14.0 |  29.5 |  19.7 |  22.6 | 50876.8
        Depths |  17.4 |  17.4 |  16.0 |  22.4 |  30.2 | 67844.6
         Abyss |   0.3 |   0.4 |   0.0 |   0.0 |   0.2 | 2406.0
     Labyrinth |   0.0 |   0.0 |   0.0 |   0.0 |   0.1 | 1065.0
         Sewer |   0.1 |   0.1 |   0.0 |   1.3 |   0.0 | 138.0
       Volcano |   0.2 |   0.2 |   0.0 |   1.3 |   0.2 | 2033.0
               +-------+-------+-------+-------+-------+----------------------
